 Dungeon Crawl Stone Soup version 0.29-a0-338-g1ff7896281 (webtiles) character file.

Game seed: 15785897102111076768

2 Jortsu the Shield-Bearer (level 1, 22/22 HPs)
             Began as a Troll Fighter on Apr 19, 2022.
             Was a Follower of Vehumet.
             Quit the game on level 1 of the Dungeon.
             The game lasted 00:00:24 (258 turns).

Jortsu the Shield-Bearer (Troll Fighter)             Turns: 258, Time: 00:00:25

Health: 22/22      AC:  4    Str: 23    XL:     1   Next: 33%
Magic:  0/0        EV:  8    Int:  4    God:    Vehumet [*.....]
Gold:   37         SH:  7    Dex:  9    Spells: 0/0 levels left

rFire   . . .      SeeInvis +   a - +0 flail
rCold   . . .      Faith    .   c - +0 kite shield
rNeg    . . .      Spirit   .   b - +0 robe
rPois   .          Reflect  .   (helmet restricted)
rElec   .          Harm     .   (no cloak)
rCorr   .          Rampage  .   (gloves unavailable)
Will    .....                   (boots unavailable)
Stlth   +.........              (no amulet)
HPRegen 0.87/turn               f - ring of see invisible
MPRegen 0.07/turn               (no ring)

@: no status effects
A: large, unfitting armour, claws 3, regeneration 1, shaggy fur 1, tough skin 1
a: Renounce Religion


You were on level 1 of the Dungeon.
You worshipped Vehumet.
Vehumet was aware of your devotion.
You visited 1 branch of the dungeon, and saw 1 of its levels.

You collected 37 gold pieces.

Inventory:

Hand Weapons
 a - a +0 flail (weapon)
Armour
 b - a +0 robe (worn)
 c - a +0 kite shield (worn)
Jewellery
 f - a ring of see invisible (left claw)
Scrolls
 g - a scroll of identify {unknown}
 h - a scroll of magic mapping {unknown}
 i - a scroll of amnesia {unknown}
 k - a scroll of noise {unknown}
 l - a scroll of vulnerability {unknown}
Potions
 d - a potion of might
 e - a potion of curing {unknown}
 j - 2 potions of flight {unknown}
 m - a potion of heal wounds {unknown}


   Skills:
 + Level 2.4 Fighting
 + Level 1.7 Maces & Flails
 + Level 2.4 Dodging
 + Level 2.5 Shields


You couldn't memorise any spells.
You didn't know any spells.
Your spell library contained the following spells:

 Spells                   Type           Power      Damage    Failure   Level
 Shock                    Conj/Air       0%         1d3       80%         1
 Gell's Gravitas          Tloc           0%         N/A       99%         3
 Lesser Beckoning         Tloc           0%         N/A       99%         3
 Teleport Other           Tloc           0%         N/A       99%         3


Dungeon Overview and Level Annotations

Branches:
Dungeon (1/15)

Altars:
Vehumet


Innate Abilities, Weirdness & Mutations

You are too large for most types of armour.
You have claws for hands.
Your natural rate of healing is unusually fast.
You are covered in fur. (AC +1)
You have tough skin. (AC +1)


Message History

You now have 37 gold pieces (gained 11).
A rat comes into view.
Found a short sword.
The rat bites you but does no damage.
You sock the rat!
You kill the rat!
Found a stone staircase leading down.
Found a ring mail.
i - a scroll labelled HUETIM ORCHURAGU
Found a stone staircase leading down.
j - an amethyst potion
k - a scroll labelled ROLUSUKK MENAG
Found a deep dwarf skeleton.
l - a scroll labelled NULE VUWNANE A ball python comes into view.
Found an amethyst potion.
The ball python hisses angrily.
A ball python is nearby!
The ball python bites you but does no damage.
You completely miss the ball python. You block the ball python's attack.
The ball python bites you.
You thump the ball python!
You kill the ball python!
Found a smoky dark potion.
Found a robe.
j - 2 amethyst potions (gained 1)
m - a smoky dark potion
Found 4 large rocks.
Found a mace.
A frilled lizard comes into view.
Found a faded altar of an unknown god.
A frilled lizard is nearby!
A frilled lizard is nearby!
There is a faded altar of an unknown god here.
You cannot tell which god this altar belongs to.
Convert to them anyway?
Vehumet accepts your prayer! Vehumet welcomes you!
You can now gain magical power from killing.
Vehumet offers you knowledge of Shock.
Are you sure you want to abandon this character and quit the game? (Confirm with "yes".)

###.##..........#
#...#....#...##
#####.#..#.#...#
##...#.#..#.#...##
###...........#....#
#....#.............#
#...P#.......##....##
#.P.######..###.....##
#...#@#..#.....##.....
#.≈P#.#..#..... #.##.#
#..#≈..P...P...##.##.#
##.P#P.l..P.P...##.....
#(..#.P....... ###.##
#...#.PP....P...##.....
#..#.P.....P.......#.##
#..#..≈≈?P.PP...#......
######......... ###.#..


You could see a frilled lizard.

Vanquished Creatures
  A goblin (D:1)
  A ball python (D:1)
  A rat (D:1)
3 creatures vanquished.

Notes
Turn   | Place    | Note
-------+----------+-------------------------------------------
     0 | D:1      | Jortsu the Troll Fighter began the quest for the Orb.
     0 | D:1      | Reached XP level 1. HP: 22/22 MP: 0/0
   250 | D:1      | Found a faded altar of an unknown god.
   257 | D:1      | Prayed at the altar of an unknown god.
   257 | D:1      | Became a worshipper of Vehumet
   257 | D:1      | Reached * piety under Vehumet
   257 | D:1      | Offered knowledge of Shock by Vehumet.
   258 | D:1      | Quit the game

Illustrated notes

Levels and vault maps discovered:
D:1:      amcnicky_arrival_wind_blow, layout_rooms,
          shapermc_ecumenical_altar_mp_ritualfount, lemuel_another_geyser

Action                   || total
-------------------------++-------
Melee: Flail             ||     4
Armor: Robe              ||     2
Block: Kite shield       ||     2

Table legend: (Time is in decaauts)
 A = Elapsed time spent in this place.
 B = Non-inter-level travel time spent in this place.
 C = Inter-level travel time spent in this place.
 D = Time resting spent in this place.
 E = Time spent auto-exploring this place.
 F = Levels seen in this place.
 G = Mean time per level.
                   A        B        C        D        E       F      G
               +--------+--------+--------+--------+--------+-----+--------+
         Total |    259 |    259 |      0 |      0 |    211 |   1 |  259.0 |
       Dungeon |    259 |    259 |      0 |      0 |    211 |   1 |  259.0 |
               +--------+--------+--------+--------+--------+-----+--------+

Top non-repeatable levels by time:
     D:1: 259 daAuts
